 Dungeon Crawl Stone Soup version 0.30.1-3-gfc49f6343a (webtiles) character file.

Game seed: 10268835917846980417

209129 Cheops the Wrestler (level 18, -6/197 HPs)
             Began as a Troll Fighter on July 28, 2023.
             Was the Champion of Wu Jian.
             Mangled by a naga
             ... wielding a +0 scimitar
              (23 damage)
             ... on level 4 of the Snake Pit on July 30, 2023.
             The game lasted 03:26:00 (36762 turns).

Cheops the Wrestler (Troll Fighter)                Turns: 36762, Time: 03:26:00

Health: -6/197     AC: 21    Str: 31    XL:     18   Next: 14%
Magic:  24/24      EV:  7    Int: 12    God:    Wu Jian [******]
Gold:   3183       SH: 14    Dex: 22    Spells: 21/27 levels left

rFire   + .          .
                       - Unarmed
rCold   + . .        o - +0 kite shield of Fallacy {rCorr Dex+4 Stlth+}
rNeg    . . .        z - +6 acid dragon scales of Qiptapip {rCorr Dex+4}
rPois   .            v - +2 hat {Will+}
rElec   .            I - scarf of Greater Demons {rC+ rF+, Str+2 Dex+5}
rCorr   +            (gloves unavailable)
SInv    .            (boots unavailable)
Will    ++...        d - amulet of the acrobat
Stlth   ++           G - +4 ring of protection
HPRegen 1.32/turn    L - ring "Asirr" {Wiz Int+2}
MPRegen 0.19/turn

%: acrobat, wizardry (x1)
@: lethally poisoned (-6 -> -9), slowed, constricted, very slow
A: large, unfitting armour, claws 3, regeneration 1, shaggy fur 1, tough skin 1
}: 1/15 runes: decaying
a: Renounce Religion, Wall Jump, Serpent's Lash, Heavenly Storm


You were on level 4 of the Snake Pit.
You worshipped Wu Jian.
Wu Jian was exalted by your worship.
You visited 6 branches of the dungeon, and saw 31 of its levels.
You also visited: Trove, Ice Cave and Volcano.

You collected 3940 gold pieces.
You spent 757 gold pieces at shops.

Inventory:

Hand Weapons
 b - a +5 scimitar of flaming
Missiles
 r - 5 throwing nets
 A - 34 poisoned darts
 F - 17 boomerangs
Armour
 f - the +0 cloak of the Lobster {Harm rC- rN++ Stlth+}
   (You found it in a treasure trove)

   rC:        It makes you vulnerable to cold.
   rN:        It greatly protects you from negative energy.
   Harm:      It increases damage dealt and taken.
   Stlth:     It makes you more stealthy.
 n - +0 gold dragon scales
 o - the +0 kite shield of Fallacy (worn) {rCorr Dex+4 Stlth+}
   (You found it in a treasure trove)

   Dex:       It affects your dexterity (+4).
   rCorr:     It protects you from acid and corrosion.
   Stlth:     It makes you more stealthy.
 v - a +2 hat of willpower (worn)
 y - the +1 cloak "Anonesom" {rPois rF+ rC+ Dex-5}
   (You found it in a treasure trove)

   Dex:       It affects your dexterity (-5).
   rF:        It protects you from fire.
   rC:        It protects you from cold.
   rPois:     It protects you from poison.
 z - the +6 acid dragon scales of Qiptapip (worn) {rCorr Dex+4}
   (You found it in a treasure trove)

   Dex:       It affects your dexterity (+4).
   rCorr:     It protects you from acid and corrosion.
 I - the scarf of Greater Demons (worn) {rC+ rF+, Str+2 Dex+5}
   (You found it in a treasure trove)

   Str:       It affects your strength (+2).
   Dex:       It affects your dexterity (+5).
 K - a +2 robe of willpower
Jewellery
 d - an amulet of the acrobat (around neck)
 G - a +4 ring of protection (left claw)
 L - the ring "Asirr" (right claw) {Wiz Int+2}
   (You found it on level 1 of the Swamp)

   [ring of wizardry]

   It improves your spell success rate.
   Int:       It affects your intelligence (+2).
 W - a +4 ring of protection
 Z - the ring "Fasusch" {rPois rN+ rCorr Str-5}
   (You found it on level 13 of the Dungeon)

   [ring of positive energy]

   Str:       It affects your strength (-5).
   rPois:     It protects you from poison.
   rN:        It protects you from negative energy.
   rCorr:     It protects you from acid and corrosion.
Wands
 e - a wand of digging (10)
 p - a wand of iceblast (6)
 q - a wand of flame (7) (quivered)
 t - a wand of polymorph (1)
 Q - a wand of acid (30)
 S - a wand of paralysis (23)
 Y - a wand of mindburst (22)
Scrolls
 j - 15 scrolls of identify
 m - 2 scrolls of magic mapping
 w - 6 scrolls of poison
 B - a scroll of enchant armour
 H - 6 scrolls of fog
 J - 8 scrolls of teleportation
 P - 3 scrolls of fear
 R - 2 scrolls of brand weapon
Potions
 a - 4 potions of haste
 c - a potion of might
 g - 3 potions of resistance
 h - 11 potions of heal wounds
 i - 2 potions of curing
 k - a potion of brilliance
 l - 8 potions of ambrosia
 s - 14 potions of attraction
 x - 2 potions of mutation
 C - 2 potions of invisibility
 D - 3 potions of flight
 E - a potion of cancellation
 N - 5 potions of lignification
 T - 3 potions of berserk rage
Miscellaneous
 u - a box of beasts
 M - a phial of floods


   Skills:
 - Level 16.3 Fighting
 - Level 6.0 Long Blades
 - Level 2.0 Throwing
 - Level 4.2 Armour
 - Level 2.4 Dodging
 - Level 12.0 Shields
 - Level 21.0 Unarmed Combat
 - Level 5.0 Spellcasting
 + Level 8.9 Transmutations
 - Level 2.0 Evocations


You had 21 spell levels left.
You knew the following spells:

 Your Spells              Type           Power      Damage    Failure   Level
a - Apportation           Tloc           6%         N/A       14%         1
b - Blade Hands           Tmut           12%        N/A       10%         5

Your spell library contained the following spells:

 Spells                   Type           Power      Damage    Failure   Level
 Spider Form              Tmut/Pois      13%        N/A       7%          3
 Ignite Poison            Fire/Tmut/Pois 10%        N/A       12%         3
 Cigotuvi's Dreadful Rot  Necr/Pois/Air  6%         N/A       21%         2
 Ensorcelled Hibernation  Hex/Ice        6%         N/A       21%         2
 Scorch                   Fire           6%         2d5       21%         2
 Gell's Gravitas          Tloc           3%         N/A       38%         3
 Portal Projectile        Hex/Tloc       6%         N/A       38%         3
 Stone Arrow              Conj/Erth      6%         3d7       38%         3
 Teleport Other           Tloc           3%         N/A       38%         3
 Tukima's Dance           Hex            3%         N/A       38%         3
 Vhi's Electric Charge    Tloc/Air       6%         N/A       38%         3
 Alistair's Intoxication  Tmut/Pois      8%         N/A       50%         5
 Anguish                  Hex/Necr       1%         N/A       77%         4
 Animate Armour           Summ/Erth      6%         N/A       77%         4
 Animate Dead             Necr           3%         N/A       77%         4
 Cause Fear               Hex            1%         N/A       77%         4
 Flame Wave               Conj/Fire      3%         2d5       77%         4
 Arcjolt                  Conj/Air       1%         1d11      97%         5
 Borgnjor's Vile Clutch   Necr/Erth      1%         N/A       97%         5
 Freezing Cloud           Conj/Ice/Air   1%         6-21      97%         5
 Conjure Ball Lightning   Conj/Air       1%         3x3d6     100%        6
 Death Channel            Necr           1%         N/A       100%        6
 Dispersal                Tloc           1%         N/A       100%        6
 Plasma Beam              Fire/Air       1%         2x1d12    100%        6
 Simulacrum               Ice/Necr       1%         N/A       100%        6
 Summon Cactus Giant      Summ           1%         N/A       100%        6
 Enfeeble                 Hex            1%         N/A       100%        7
 Ozocubu's Refrigeration  Ice            1%         4d7       100%        7
 Discord                  Hex            1%         N/A       100%        8
 Disjunction              Tloc           1%         N/A       100%        8
 Lehudib's Crystal Spear  Conj/Erth      1%         10d2      100%        8
 Polar Vortex             Ice            1%         N/A       100%        9


Dungeon Overview and Level Annotations

Branches:
Dungeon (15/15)            Temple (1/1) D:5            Lair (5/5) D:11
  Swamp (4/4) Lair:2        Snake (4/4) Lair:2        Slime (0/5) Lair:4
    Orc (2/2) D:11            Elf (0/3) Orc:2        Vaults (0/5) D:13
  IceCv (visited)         Volcano (visited)
 Depths: D:15

Altars:
Ashenzari
Cheibriados
Dithmenos
Elyvilon
Fedhas
Gozag
Hepliaklqana
Kikubaaqudgha
Makhleb
Nemelex Xobeh
Okawaru
Qazlal
Ru
Sif Muna
Trog
Uskayaw
Vehumet
Wu Jian
Xom
Yredelemnul
Zin
The Shining One

Shops:
D:2 !   D:5 (   D:9 *   D:12 [   D:13 (   Orc:2 (=:(!   Snake:3 (

Annotations:
D:12 exclusion: 2 animated armours
Snake:4 2 transporters, yinzer's ghost, adept MiBe


Innate Abilities, Weirdness & Mutations

You are too large for most types of armour.
You have claws for hands.
Your natural rate of healing is unusually fast.
You are covered in fur. (AC +1)
You have tough skin. (AC +1)


Message History

You block the naga warrior's attack.
The guardian serpent hits you but does no damage.
The naga hits you with a +0 scimitar!
* * * LOW HITPOINT WARNING * * *
The naga constricts you.
* * * LOW HITPOINT WARNING * * *
You mangle the guardian serpent!!
The guardian serpent is severely wounded.
You feel very sick.
The naga warrior no longer looks unusually toxic.
The guardian serpent completely misses you.
The naga warrior spits poison at you.
The splash of poison hits you but does no damage.
You are more poisoned.
The naga hits you with a +0 scimitar.
* * * LOW HITPOINT WARNING * * *
The naga constricts you.
* * * LOW HITPOINT WARNING * * *
You closely miss the guardian serpent.
The guardian serpent is severely wounded.
You feel very sick.
You block the guardian serpent's attack.
The naga warrior hits you with a +1 hand axe of freezing!
* * * LOW HITPOINT WARNING * * *
The naga warrior freezes you.
* * * LOW HITPOINT WARNING * * *
The guardian serpent coils itself and waves its upper body at you.
The naga warrior blinks!
The naga hits you but does no damage. The naga constricts you.
* * * LOW HITPOINT WARNING * * *
You claw the guardian serpent!
You kill the guardian serpent!
The Council accepts your kill.
You feel very sick. The naga warrior spits poison at you.
You block the splash of poison.
The naga warrior hits you with a +0 dire flail!
* * * LOW HITPOINT WARNING * * *
The naga hits you with a +0 scimitar!!
You die...

............<.N.....
...#..............S.
.).# ...............
....###............. #.
......###.......N.###...
........####..§####.....
............#.#.........
...........N......
.........N@N.....#
#....<.).†######
####...####
#############.########
#.......).............
##.#####...)..........
###...###'#..........
##..⌠..##.##)........
#.......#..##........
.......##


You could see 2 naga warriors and a naga (strong).

Vanquished Creatures
  the Lernaean hydra (Swamp:4)
  Saint Roka (Orc:2)
  Rupert (Lair:3)
  Kirke (Snake:4)
  Gastronok (D:8)
  2 thorn hunters
  A fenstrider witch (Swamp:4)
  4 nagarajas
  Aizul (Snake:1)
  3 eleionomae
  3 bunyips
  2 ettins
  Harold (D:9)
  A shambling mangrove (Swamp:1)
  Josephine (D:13)
  A fire dragon (Lair:5)
  2 vault guards (D:12)
  20 hydras
  A salamander tyrant (Snake:4)
  Erolcha (D:9)
  Erica (D:8)
  5 boulder beetles
  9 anacondas
  4 ogre magi (Orc:2)
  2 ghost crabs
  12 two-headed ogres
  2 centaur warriors
  6 alligators
  7 naga warriors
  12 naga sharpshooters
  14 death yaks
  7 shock serpents
  Amaemon (Lair:2)
  4 salamander mystics
  3 skeletal warriors (D:12)
  A skyshark (Lair:5)
  A fire crab (Volcano)
  A goliath frog (Swamp:4)
  A death drake (Swamp:2)
  4 spriggan druids
  6 naga ritualists
  14 swamp dragons
  3 lindwurms
  2 bog bodies
  2 wizards (D:13)
  A deep elf pyromancer (D:13)
  4 necromancers
  A deep elf zephyrmancer (D:7)
  8 mana vipers
  5 ugly things
  4 cyclopes
  3 orc sorcerers
  14 salamanders
  3 oklob plants (Lair:4)
  7 will-o-the-wisps
  4 manticores
  3 guardian serpents (Snake:4)
  11 elephants
  Joseph (D:8)
  44 black mambas
  10 naga magi
  2 torpor snails
  An orange demon (Lair:2)
  A gargoyle (D:11)
  An ice statue (IceCv)
  2 molten gargoyles (Lair:5)
  7 cane toads
  2 rime drakes (Lair:5)
  8 freezing wraiths (IceCv)
  A tengu conjurer (D:13)
  11 ice devils (IceCv)
  6 trolls
  18 komodo dragons
  2 bloated husks
  2 polar bears
  A queen bee (Lair:2)
  Prince Ribbit (D:9)
  A tarantella (Lair:1)
  6 tyrant leeches
  Grinder (D:6)
  9 hornets
  12 blink frogs
  2 jumping spiders (Lair:1)
  5 slime creatures
  3 vampires
  7 spriggans
  10 wyverns
  A shadow (D:12)
  A water elemental (D:14)
  Eustachio (D:4)
  8 fire bats (Volcano)
  29 yaks
  Grum (D:9)
  7 wraiths
  6 steam dragons
  8 basilisks
  17 humans
  5 death yak simulacra (IceCv)
  6 wargs
  20 swamp worms
  12 vampire mosquitoes
  2 harpy simulacra (IceCv)
  4 acid dragons
  Duvessa (D:7)
  5 hell hounds
  29 nagas
  15 water moccasins
  2 hydra simulacra (IceCv)
  7 swamp drakes
  An ice beast (D:7)
  2 sky beasts (D:7)
  A black bear (D:6)
  14 orc warriors
  30 ogres
  13 wolves
  9 centaurs
  A phantom (D:6)
  Blork the orc (D:4)
  21 bullfrogs
  8 gnoll sergeants
  3 cane toad simulacra (IceCv)
  2 two-headed ogre simulacra (IceCv)
  2 scorpions (D:5)
  12 wights
  Dowan (D:7)
  47 killer bees
  6 elephant simulacra (IceCv)
  8 howler monkeys
  4 electric eels
  15 lava snakes
  A hound (D:4)
  2 jellies (D:5)
  4 gnoll boudas
  7 orc priests
  A sleepcap (D:7)
  Jessica (D:3)
  An iguana (D:5)
  Natasha (D:4)
  23 orc wizards
  3 polar bear simulacra (IceCv)
  3 wolf simulacra (IceCv)
  13 gnolls
  12 adders
  A naga simulacrum (IceCv)
  A shadow imp (D:7)
  4 white imps
  4 ufetubi
  2 worms
  4 dart slugs
  51 orcs
  3 bats (D:1)
  9 endoplasms
  3 giant cockroaches
  10 goblins
  3 hobgoblins
  2 jackals (D:1)
  8 kobolds
  5 quokkas
  7 ball pythons
  3 frilled lizards
  11 rats
1009 creatures vanquished.

Vanquished Creatures (others)
  2 bloated husks
  7 humans (Snake:4)
  2 vampire mosquitoes
  A killer bee (Lair:2)
  20 foxfires
32 creatures vanquished.

Grand Total: 1041 creatures vanquished

Notes
Turn   | Place    | Note
-------+----------+-------------------------------------------
     0 | D:1      | Cheops the Troll Fighter began the quest for the Orb.
     0 | D:1      | Reached XP level 1. HP: 22/22 MP: 0/0
    73 | D:1      | Reached XP level 2. HP: 29/29 MP: 1/1
    78 | D:1      | Reached skill level 3 in Unarmed Combat
   213 | D:1      | Reached XP level 3. HP: 36/36 MP: 2/2
   411 | D:2      | Found Nywunuuj's Distillery.
   463 | D:2      | Reached skill level 4 in Unarmed Combat
   586 | D:2      | Reached XP level 4. HP: 44/44 MP: 3/3
   861 | D:2      | Found a white marble altar of Elyvilon.
  1205 | D:2      | Bought a potion of curing for 33 gold pieces
  1367 | D:3      | Found a basalt altar of Yredelemnul.
  1416 | D:3      | Reached skill level 5 in Unarmed Combat
  1512 | D:3      | Reached XP level 5. HP: 50/50 MP: 4/4
  1528 | D:3      | Noticed Jessica
  1532 | D:3      | Killed Jessica
  1894 | D:3      | Reached skill level 6 in Unarmed Combat
  2336 | D:4      | Reached XP level 6. HP: 55/59 MP: 5/5
  2348 | D:4      | Reached skill level 1 in Evocations
  2361 | D:4      | Noticed Blork the orc
  2369 | D:4      | Noticed Eustachio
  2384 | D:4      | Killed Blork the orc
  2411 | D:4      | Killed Eustachio
  2412 | D:4      | Reached skill level 7 in Unarmed Combat
  2412 | D:4      | Reached XP level 7. HP: 37/66 MP: 6/6
  2471 | D:4      | Found a stormy altar of Qazlal.
  2782 | D:4      | Noticed Natasha
  2789 | D:4      | Killed Natasha
  2804 | D:4      | Found a glowing golden altar of the Shining One.
  3167 | D:2      | Bought a potion of haste for 110 gold pieces
  3220 | D:5      | Entered Level 5 of the Dungeon
  3392 | D:5      | Found Pomoobu's Weapon Shoppe.
  3584 | D:5      | Found a broken altar of Ashenzari.
  3689 | D:5      | Reached skill level 8 in Unarmed Combat
  3714 | D:5      | Found a staircase to the Ecumenical Temple.
  4071 | Temple   | Entered the Ecumenical Temple
  4212 | Temple   | Became a worshipper of the Wu Jian Council
  5036 | D:6      | Found a blossoming altar of Fedhas.
  5041 | D:6      | Reached XP level 8. HP: 71/75 MP: 7/7
  5078 | D:6      | Found a hide-covered altar of Uskayaw.
  5105 | D:6      | Reached skill level 1 in Throwing
  5138 | D:6      | Noticed Grinder
  5142 | D:6      | Paralysed by Grinder for 2 turns
  5161 | D:6      | Killed Grinder
  5234 | D:6      | Noticed a hornet
  5239 | D:6      | Paralysed by a hornet for 2 turns
  5282 | D:6      | Reached skill level 9 in Unarmed Combat
  5355 | D:2      | Bought a potion of resistance for 110 gold pieces
  5553 | D:6      | Reached skill level 5 in Shields
  5570 | D:6      | Found a burning altar of Makhleb.
  5636 | D:6      | Reached XP level 9. HP: 78/84 MP: 8/8
  5688 | D:6      | Found a shimmering altar of Xom.
  5745 | D:6      | Found a shimmering altar of Xom.
  5776 | D:6      | Found a hide-covered altar of Uskayaw.
  5842 | D:6      | Found a blossoming altar of Fedhas.
  5925 | D:6      | Found a burning altar of Makhleb.
  6529 | D:7      | Reached skill level 10 in Unarmed Combat
  6535 | D:7      | Reached * piety under Wu Jian
  6537 | D:7      | Found a sacrificial altar of Ru.
  6657 | D:2      | Bought a potion of might for 44 gold pieces
  6762 | D:7      | Reached skill level 5 in Fighting
  6791 | D:7      | Noticed Duvessa
  6792 | D:7      | Noticed Dowan
  6802 | D:7      | Killed Duvessa
  6819 | D:7      | Killed Dowan
  7212 | D:7      | Noticed a deep elf zephyrmancer
  7224 | D:7      | Killed a deep elf zephyrmancer
  7225 | D:7      | Reached skill level 11 in Unarmed Combat
  7225 | D:7      | Reached XP level 10. HP: 75/96 MP: 9/9
  7282 | D:8      | Noticed Erica
  7479 | D:8      | Noticed a two-headed ogre
  7484 | D:7      | Killed a two-headed ogre
  7577 | D:8      | Noticed Joseph
  7630 | D:8      | Reached ** piety under Wu Jian
  7661 | D:8      | Killed Joseph
  7727 | D:8      | Killed Erica
  7728 | D:8      | Reached skill level 12 in Unarmed Combat
  7772 | D:8      | Noticed Gastronok
  7808 | D:8      | Killed Gastronok
  8041 | D:8      | Reached XP level 11. HP: 48/107 MP: 10/10
  8278 | D:8      | Found a snail-covered altar of Cheibriados.
  8438 | D:9      | Noticed Harold
  8507 | D:9      | Paralysed by Harold for 2 turns
  8512 | D:9      | Killed Harold
  8513 | D:9      | Noticed Erolcha
  8524 | D:9      | Killed Erolcha
  8525 | D:9      | Reached skill level 13 in Unarmed Combat
  8784 | D:9      | Noticed Grum
  8805 | D:9      | Killed Grum
  8864 | D:9      | Found a glowing silver altar of Zin.
  8909 | D:9      | Noticed Prince Ribbit
  8930 | D:9      | Killed Prince Ribbit
  8966 | D:9      | Found Yckoghak's General Store.
  9247 | D:9      | Reached *** piety under Wu Jian
  9484 | D:10     | Entered Level 10 of the Dungeon
  9498 | D:10     | Reached skill level 1 in Long Blades
  9700 | D:10     | Found a shadowy altar of Dithmenos.
  9911 | D:10     | Noticed a centaur warrior
  9917 | D:10     | Killed a centaur warrior
 10297 | D:11     | Found a staircase to the Orcish Mines.
 10431 | D:11     | Noticed a two-headed ogre
 10461 | D:11     | Killed a two-headed ogre
 10665 | D:11     | Noticed a boulder beetle
 10681 | D:11     | Killed a boulder beetle
 10682 | D:11     | Reached skill level 14 in Unarmed Combat
 10682 | D:11     | Reached XP level 12. HP: 89/119 MP: 11/11
 10769 | D:11     | Found a staircase to the Lair.
 11273 | D:2      | Bought a potion of attraction for 33 gold pieces
 11872 | D:12     | Found Nyuquc's Armour Boutique.
 11989 | D:12     | Found a white marble altar of Elyvilon.
 12274 | D:9      | Bought a potion of invisibility for 112 gold pieces
 12274 | D:9      | Bought 3 scrolls of enchant armour for 315 gold pieces
 12378 | D:13     | Noticed a centaur warrior
 12386 | D:13     | Killed a centaur warrior
 12553 | D:13     | Noticed Josephine
 12560 | D:13     | Killed Josephine
 12561 | D:13     | Reached skill level 15 in Unarmed Combat
 12647 | D:13     | Found Gaygruc's Weapon Boutique.
 12954 | D:13     | Reached **** piety under Wu Jian
 12966 | D:13     | Identified the ring "Fasusch" {rPois rN+ rCorr Str-5}
 13019 | D:13     | Noticed a vault guard
 13025 | D:13     | Reached XP level 13. HP: 101/131 MP: 12/12
 13045 | D:12     | Reached skill level 10 in Shields
 13169 | D:13     | Found a gate to the Vaults.
 13382 | Lair:1   | Entered Level 1 of the Lair of Beasts
 13472 | Lair:1   | Reached skill level 16 in Unarmed Combat
 13523 | Lair:1   | Found a dark tunnel.
 13562 | Volcano  | Entered a volcano
 13896 | Volcano  | Found a burning altar of Makhleb.
 14122 | Lair:1   | Reached ***** piety under Wu Jian
 14746 | Lair:1   | Found a runed translucent door.
 14985 | Lair:1   | Found a runed translucent gate.
 14986 | Lair:1   | Found a runed translucent gate.
 14999 | Lair:1   | Found a runed translucent gate.
 14999 | Lair:1   | Found a runed translucent gate.
 14999 | Lair:1   | Found a runed translucent gate.
 15000 | Lair:1   | Found a runed translucent gate.
 15062 | Lair:1   | Reached skill level 5 in Long Blades
 15595 | Lair:2   | Found a staircase to the Snake Pit.
 15949 | Lair:2   | Reached ****** piety under Wu Jian
 15992 | Lair:2   | Reached skill level 17 in Unarmed Combat
 15992 | Lair:2   | Reached XP level 14. HP: 126/141 MP: 13/13
 16030 | Lair:2   | Found a staircase to the Swamp.
 16063 | Lair:2   | Noticed Amaemon
 16072 | Lair:2   | Killed Amaemon
 16184 | Lair:2   | Reached skill level 10 in Fighting
 16741 | Lair:2   | Found a staircase to the Snake Pit.
 17117 | Lair:2   | Found a staircase to the Swamp.
 18015 | Lair:2   | Identified the +6 leather armour of Peek-a-Boo {Str+2
                  | Int+2}
 18346 | Lair:3   | Noticed Rupert
 18359 | Lair:3   | Killed Rupert
 19122 | Lair:4   | Identified the +2 buckler "Ziconip" {Regen+}
 19431 | Lair:4   | Found a staircase to the Slime Pits.
 20031 | Lair:5   | Entered Level 5 of the Lair of Beasts
 20222 | Lair:4   | Reached skill level 18 in Unarmed Combat
 20828 | Lair:5   | Found a large runed translucent door.
 20828 | Lair:5   | Found a large runed translucent door.
 20853 | Lair:5   | Reached XP level 15. HP: 143/153 MP: 14/14
 21117 | Lair:5   | Reached skill level 19 in Unarmed Combat
 21899 | Orc:1    | Entered Level 1 of the Orcish Mines
 22250 | Orc:2    | Entered Level 2 of the Orcish Mines
 22336 | Orc:2    | Found an iron altar of Okawaru.
 22339 | Orc:2    | Found a frozen archway.
 22345 | Orc:2    | Noticed Saint Roka
 22348 | IceCv    | Entered an ice cave
 22634 | IceCv    | Found an ancient bone altar of Kikubaaqudgha.
 23434 | Orc:2    | Found a staircase to the Elven Halls.
 23570 | Orc:2    | Killed Saint Roka
 23756 | Orc:2    | Reached skill level 20 in Unarmed Combat
 24082 | Orc:2    | Found Xuotych's Book Shop.
 24082 | Orc:2    | Found Xaronadd's Antique Weapon Shoppe.
 24083 | Orc:2    | Found Hugac's Antique Weapon Emporium.
 24083 | Orc:2    | Found Nuluobb's Jewellery Shop.
 24138 | Orc:2    | Found Opohedix's Distillery.
 24400 | Snake:1  | Entered Level 1 of the Snake Pit
 24590 | Snake:1  | Reached XP level 16. HP: 109/170 MP: 15/15
 24999 | Snake:1  | Noticed Aizul
 25011 | Snake:1  | Killed Aizul
 25085 | Snake:1  | Reached skill level 21 in Unarmed Combat
 25635 | Snake:2  | Reached skill level 15 in Fighting
 26730 | Snake:3  | Reached skill level 1 in Spellcasting
 26891 | Snake:3  | Learned a level 5 spell: Blade Hands
 27202 | Snake:3  | Reached skill level 1 in Transmutations
 27319 | Snake:3  | Found Towesoshru's Antique Weapon Emporium.
 27814 | Snake:4  | Entered Level 4 of the Snake Pit
 28189 | D:14     | Found an ancient bone altar of Kikubaaqudgha.
 28261 | D:14     | Identified the +3 scale mail "Fulug" {Str+2}
 28317 | D:14     | Found a portal to a secret trove of treasure.
 28390 | D:14     | You paid a toll of 17 potions of curing to enter a treasure
                  | trove
 28391 | Trove    | Entered a treasure trove
 28402 | Trove    | Identified the +0 cloak of the Lobster {Harm rC- rN++
                  | Stlth+}
 28404 | Trove    | Identified the +1 robe "Vuroeby" {Drain Int+5}
 28408 | Trove    | Identified the +0 kite shield of Fallacy {rCorr Dex+4
                  | Stlth+}
 28410 | Trove    | Identified the +1 robe of Baldness {rN+}
 28419 | Trove    | Identified the +1 cloak "Anonesom" {rPois rF+ rC+ Dex-5}
 28421 | Trove    | Identified the +6 acid dragon scales of Qiptapip {rCorr
                  | Dex+4}
 28423 | Trove    | Identified the +2 robe "Dopn" {rPois rC+ Regen+}
 28428 | Trove    | Identified the scarf of Greater Demons {rC+ rF+, Str+2
                  | Dex+5}
 28430 | Trove    | Identified the +2 kite shield of Vanity {Str+3}
 29745 | D:15     | Entered Level 15 of the Dungeon
 29934 | Swamp:1  | Entered Level 1 of the Swamp
 30019 | Swamp:1  | Reached XP level 17. HP: 135/188 MP: 19/19
 30206 | Swamp:1  | Reached skill level 5 in Transmutations
 30455 | Swamp:1  | Found a transporter.
 30459 | Swamp:1  | You fall into a shaft and drop 1 floor!
 31321 | Swamp:1  | Found a transporter.
 31597 | Swamp:1  | Identified the +2 pair of boots "Hirylett" {+Inv rF- rCorr
                  | Stlth+}
 31602 | Swamp:1  | Identified the ring "Asirr" {Wiz Int+2}
 31881 | Swamp:3  | Reached skill level 1 in Armour
 32852 | Swamp:4  | Entered Level 4 of the Swamp
 34641 | Swamp:4  | Reached skill level 5 in Spellcasting
 34681 | Swamp:4  | Noticed the 27-headed Lernaean hydra
 35044 | Swamp:4  | Killed the 27-headed Lernaean hydra
 35228 | Swamp:4  | Got a decaying rune of Zot
 35578 | Snake:4  | Learned a level 1 spell: Apportation
 35616 | Snake:4  | Noticed Kirke
 35629 | Snake:4  | Killed Kirke
 35833 | Snake:4  | Found a transporter.
 35896 | Snake:4  | Found a bloodstained altar of Trog.
 35899 | Snake:4  | Noticed yinzer's ghost (adept MiBe)
 35906 | Snake:4  | Found a transporter.
 36132 | Snake:4  | Reached XP level 18. HP: 197/197 MP: 24/24
 36240 | Snake:4  | Identified a scroll of acquirement
 36241 | Snake:4  | Acquired 838 gold pieces
 36762 | Snake:4  | Mangled by a naga

Illustrated notes

Levels and vault maps discovered:
D:1:      psy_arrival_dodecagon, layout_rooms, minmay_cupped
D:2:      layout_basic, serial_shops, nicolae_shop_getting_attention,
          basic_altar, minmay_misc_feat_alley, nrook_uturn, minmay_door_square,
          minmay_bisected
D:3:      layout_basic, overflow_temple_1_default, uniq_jessica
D:4:      layout_loops_ring, nicolae_qazlal_general_emergency,
          mainiacjoe_overflow_alcove_2, uniq_blork_the_orc, uniq_natasha,
          uniq_eustachio
D:5:      layout_basic, mainiacjoe_overflow_six_doors_small,
          minmay_temple_entry_tees, serial_shops, nicolae_shop_tiny_waterfront
D:6:      layout_rooms, fedhas_altar_1, mainiacjoe_overflow_24_doors,
          mainiacjoe_overflow_alcove_1, mainiacjoe_overflow_cross_hatched,
          minmay_misc_feat_room, uniq_grinder
D:7:      layout_rooms, hangedman_ru_absence, guppyfry_early_elven_hall,
          uniq_duvessa
D:8:      layout_rooms, marbit_many_paths, pf_guarded_unrand_woodcutter,
          uniq_gastronok, uniq_erica, uniq_joseph
D:9:      layout_cave_pools, zin_scriptorium, serial_shops, shop,
          kennysheep_small_square, uniq_grum, uniq_prince_ribbit1, uniq_erolcha,
          uniq_harold
D:10:     wad_crossroads, layout_basic, mainiacjoe_overflow_paths
D:11:     layout_loops_ring, lair_entry_dummy, minmay_orc_entry_guard_dogs
D:12:     layout_irregular_city, serial_shops, nicolae_shop_mannequins,
          elyvilon_altar_5
D:13:     layout_roguey, grunt_vaults_entry_tiered, serial_shops, shop,
          uniq_josephine
D:14:     layout_loops_ring, nicolae_kikubaaqudgha_miasma_corner,
          nicolae_trove_entry_isolated, kennysheep_island_fort
D:15:     grunt_enter_depths_magical_seal, layout_cave_pods,
          nicolae_uskayaw_en_pointe, minivault_4, minmay_diced_spiral
Temple:   hellmonk_temple_beads
Lair:1:   gammafunk_indiana_jones, layout_small_grid, serial_bayou,
          serial_bayou_pond_e, serial_bayou_shore_a, serial_bayou_ford_a,
          serial_bayou_shore_b, nicolae_volcano_entry_two_sided
Lair:2:   regret_index_bee_streams, layout_layer_cave, swamp_mist_pool,
          minmay_snake_entry_guardpost_large, uniq_amaemon
Lair:3:   layout_cave_pods, uniq_rupert
Lair:4:   layout_regular_city, minmay_slime_entry_oklob_open,
          serial_bayou_pond_a, grunt_megastairs_4
Lair:5:   cheibrodos_lair_end_hotspot, layout_regular_city, st_stairs_8
Swamp:1:  gammafunk_worm_tunnel, layout_basic_swamp,
          evilmike_swamp_ruin_house_2, swamp_pool5, hangedman_swamp_pad,
          nicolae_swamp_little_tower
Swamp:2:  layout_basic_swamp, evilmike_swamp_ruin_house_1
Swamp:3:  layout_falls_marsh, evilmike_swamp_ruin_house_3,
          infiniplex_staircase_pool
Swamp:4:  swamp_old_school, layout_basic_swamp
Snake:1:  layout_gridlike, uniq_aizul
Snake:2:  layout_gridlike, grunt_megastairs_3
Snake:3:  layout_chambers, serial_shops, nicolae_shop_advertising_works
          [nicolae_subvault_shop_adworks]
Snake:4:  snake_hunt, layout_cave_town, gammafunk_ghost_wrathful_warriors,
          nicolae_triple_integral, lemuel_fruit_tree, uniq_kirke
Orc:1:    layout_diamond_mine
Orc:2:    st_orc_ogre_mass, layout_diamond_mine, serial_shops, shop,
          portal_ice_cave_entry_pillars_1, okawaru_metal_pillars_3,
          uniq_saint_roka

Skill      XL: |  1  2  3  4  5  6  7  8  9 10 11 12 13 14 15 16 17 |
---------------+----------------------------------------------------+-----
Unarmed Combat | 3 4 5 6 7 8 9 11 12 14 15 17 18 20 21 | 21.0
Evocations     | 2 |  2.0
Shields        | 3 5 6 7 8 9 10 12 | 12.0
Fighting       | 3 4 5 6 7 9 11 13 16 | 16.3
Throwing       | 2 |  2.0
Long Blades    | 4 6 |  6.0
Spellcasting   | 2 5 |  5.0
Transmutations | 4 8 |  8.9
Armour         | 4 |  4.2
Dodging        | |  2.4

Action                     |  1- 3 |  4- 6 |  7- 9 | 10-12 | 13-15 | 16-18 || total
---------------------------+-------+-------+-------+-------+-------+-------++-------
  Melee: Unarmed           |   116 |   157 |   266 |   629 |  1292 |   877 ||  3337
         Scimitar          |       |       |       |       |    36 |    85 ||   121
         Punch             |       |       |       |       |       |     3 ||     3
  Throw: Stone             |       |       |     6 |       |       |       ||     6
         Dart              |       |       |     2 |       |       |       ||     2
   Cast: Blade Hands       |       |       |       |       |       |     3 ||     3
 Invoke: Serpent's Lash    |       |       |       |     3 |     1 |     2 ||     6
Ability: Lunge             |       |       |     7 |    43 |    81 |   101 ||   232
         Whirlwind         |       |       |       |    38 |    35 |    39 ||   112
         Wall Jump         |       |       |       |     3 |     2 |     2 ||     7
         End Transformatio |       |       |       |       |       |     2 ||     2
  Evoke: Wand              |       |       |     3 |    20 |    20 |    33 ||    76
    Use: Scroll            |       |     4 |     5 |    15 |    13 |     9 ||    46
         Potion            |       |     1 |       |     2 |     4 |     5 ||    12
   Stab: Invisible         |       |       |       |       |     1 |       ||     1
         Sleeping          |       |       |       |       |       |     5 ||     5
         Distracted        |       |       |       |       |       |     1 ||     1
 Armour: Robe              |    30 |    56 |     8 |       |    51 |       ||   145
         Steam dragon scal |       |       |    54 |    60 |       |       ||   114
         Troll leather arm |       |       |       |    64 |   219 |    38 ||   321
         Acid dragon scale |       |       |       |       |     1 |   232 ||   233
         Ice dragon scales |       |       |       |       |    46 |       ||    46
         Gold dragon scale |       |       |       |       |       |    56 ||    56
         Skin              |       |       |       |       |       |     9 ||     9
  Dodge: Dodged            |    54 |    48 |   102 |   176 |   342 |   306 ||  1028
  Block: Kite shield       |    42 |    50 |    89 |   311 |   703 |   566 ||  1761
